 Dungeon Crawl Stone Soup version 0.22.1 (webtiles) character file.

842 dohliylev the Chopper (level 8, -2/49 HPs)
             Began as a Gargoyle Fighter on Sept 19, 2018.
             Slain by an ogre
             ... wielding a +0 giant club
              (10 damage)
             ... on level 5 of the Dungeon.
             The game lasted 00:17:36 (4159 turns).

dohliylev the Chopper (Gargoyle Fighter)            Turns: 4159, Time: 00:17:37

Health: -2/49      AC: 18    Str: 21    XL:     8   Next: 0%
Magic:  8/8        EV:  2    Int: 10    God:
Gold:   235        SH:  9    Dex:  9    Spells: 7/7 levels left

rFire    x . .     SeeInvis .   a - +0 war axe
rCold    + . .     Gourm    .   t - +0 shield
rNeg     + . .     Faith    .   c - +0 plate armour
rPois    ∞         Spirit   .   (no helmet)
rElec    +         Reflect  .   k - +0 cloak
rCorr    .         Harm     .   (no gloves)
MR       .....                  (no boots)
Stlth    ..........             r - amulet of magic regeneration
HPRegen  0.16/turn              j - ring of ice
MPRegen  0.36/turn              m - -2 ring of evasion

@: no status effects
A: negative energy resistance 1, electricity resistance, unbreathing,
petrification resistance, rot immunity, AC +5
a: no special abilities


You were on level 5 of the Dungeon.
You were not hungry.

You visited 1 branch of the dungeon, and saw 6 of its levels.

You collected 235 gold pieces.

Inventory:

Hand Weapons
 a - a +0 war axe (weapon)
Armour
 c - a +0 plate armour (worn)
 k - a +0 cloak (worn)
 t - a +0 shield (worn)
Magical Staves
 y - an uncursed staff of wizardry {unknown}
Jewellery
 j - a ring of ice (left hand)
 m - a -2 ring of evasion (right hand)
 r - an amulet of magic regeneration (around neck)
Wands
 u - a wand of random effects (31)
Scrolls
 e - a scroll of enchant armour {unknown}
 h - 3 scrolls of identify
 i - 2 scrolls of fear
 n - 3 scrolls of amnesia
 o - 2 scrolls of enchant weapon
 p - a scroll of remove curse
 q - 2 scrolls of teleportation {unknown}
 s - a scroll of fog {unknown}
Potions
 b - 2 potions of agility {unknown}
 d - a potion of might
 g - a potion of mutation {unknown}
 l - 2 potions of magic {unknown}
 v - a potion of ambrosia {unknown}
 x - a potion of flight {unknown}
 z - 2 potions of brilliance {unknown}
Comestibles
 f - 12 rations
 w - 2 chunks of flesh


   Skills:
 - Level 5.0 Fighting
 + Level 6.9 Axes
 - Level 3.8 Armour
 - Level 0.8 Dodging
 - Level 3.9 Shields


You had 7 spell levels left.
You didn't know any spells.
Your spell library was empty.

Dungeon Overview and Level Annotations

Branches:
Dungeon (6/15)
 Temple: D:4-7

Altars:
Makhleb
Sif Muna
Xom

Annotations:
D:5 Eustachio


Innate Abilities, Weirdness & Mutations

You are resistant to torment.
Your stone body is resilient. (AC +5)
You are immune to poison.
You resist negative energy. (rN+)
You are resistant to electric shocks. (rElec)
You can survive without breathing.
You are immune to petrification.
You are immune to rotting.


Message History

y - a thick jewelled staff The ogre hits you with a giant club!
You slash the ogre!
The ogre is moderately wounded.
The ogre hits you with a giant club!
You slash the ogre!
The ogre is heavily wounded.
The ogre hits you but does no damage.
You hit the ogre but do no damage.
The ogre is heavily wounded.
The ogre hits you with a giant club!
* * * LOW HITPOINT WARNING * * *
Your shield and plate armour prevent you from hitting the ogre.
The ogre is heavily wounded.
The ogre hits you with a giant club.
* * * LOW HITPOINT WARNING * * *
Your shield and plate armour prevent you from hitting the ogre.
The ogre is heavily wounded.
The ogre hits you with a giant club!
You die...

#..........................
#..........................
..........................
........................
........................
........................
........)...............
........................
................@..@....
.................O......
........................
##......................
##.....................
##..............######
##..##..######## ###.#.##
####


You could see Eustachio and an ogre.

Vanquished Creatures
  2 ice beasts (D:6)
  An ogre (D:4)
  A bullfrog zombie (D:5)
  A hound (D:6)
  A crimson imp (D:5)
  Natasha (thrice) (D:3)
  An orc wizard (D:5)
  An iguana (D:3)
  3 worker ants
  A hound skeleton (D:5)
  A worker ant zombie (D:6)
  A howler monkey skeleton (D:4)
  8 gnolls
  5 adders
  3 worms
  A dart slug (D:2)
  6 leopard geckos
  7 orcs
  6 bats
  3 giant cockroaches (D:1)
  8 hobgoblins
  17 jackals
  6 quokkas
  5 ball pythons
  6 frilled lizards
  7 goblins
  8 kobolds
  A quokka zombie (D:6)
  13 rats
127 creatures vanquished.

Notes
Turn   | Place    | Note
-------+----------+-------------------------------------------
     0 | D:1      | dohliylev the Gargoyle Fighter began the quest for the Orb.
     0 | D:1      | Reached XP level 1. HP: 14/14 MP: 1/1
   193 | D:1      | Reached skill level 2 in Axes
   193 | D:1      | Reached XP level 2. HP: 11/19 MP: 2/2
   623 | D:1      | Reached XP level 3. HP: 23/24 MP: 3/3
  1214 | D:2      | Reached XP level 4. HP: 27/29 MP: 4/4
  1242 | D:2      | Reached skill level 3 in Axes
  1691 | D:3      | Reached XP level 5. HP: 32/33 MP: 5/5
  1807 | D:3      | Found a burning altar of Makhleb.
  1821 | D:3      | Noticed Natasha
  1837 | D:3      | Killed Natasha
  1837 | D:3      | Reached skill level 4 in Axes
  1931 | D:3      | Noticed Natasha
  1949 | D:3      | Killed Natasha
  1949 | D:3      | Reached XP level 6. HP: 15/38 MP: 6/6
  2015 | D:3      | Noticed Natasha
  2031 | D:3      | Killed Natasha
  2055 | D:3      | You fall through a shaft for 3 floors!
  2055 | D:6      | Noticed an ice beast
  2055 | D:6      | Noticed an ice beast
  2070 | D:6      | Killed an ice beast
  2070 | D:6      | Reached skill level 5 in Axes
  2080 | D:6      | Killed an ice beast
  2080 | D:6      | Reached XP level 7. HP: 15/44 MP: 7/7
  2153 | D:5      | Entered Level 5 of the Dungeon
  2473 | D:4      | Reached skill level 6 in Axes
  2492 | D:4      | Reached skill level 5 in Fighting
  2726 | D:4      | Found a deep blue altar of Sif Muna.
  3509 | D:4      | Got an amber-encrusted ring mail
  3841 | D:5      | Identified the +4 ring mail of Bacarph {rC+ Int+3} (You
                  | found it on level 4 of the Dungeon)
  3869 | D:5      | Reached XP level 8. HP: 32/49 MP: 8/8
  3909 | D:5      | Found a shimmering altar of Xom.
  4151 | D:5      | Noticed Eustachio
  4159 | D:5      | Slain by an ogre

Skill      XL: |  1  2  3  4  5  6  7 |
---------------+----------------------+-----
Axes           | 2 3 4 5 6 |  6.9
Fighting       | 4 5 |  5.0
Armour         | |  3.8
Dodging        | |  0.8
Shields        | |  3.9

Action                   |  1- 3 |  4- 6 |  7- 9 || total
-------------------------+-------+-------+-------++-------
Melee: War axe           |   147 |   184 |   175 ||   506
  Use: Potion            |       |     1 |       ||     1
       Scroll            |       |       |     5 ||     5
  Eat: Chunk             |     1 |     4 |     7 ||    12
Armor: Scale mail        |    91 |    15 |       ||   106
       Chain mail        |       |   169 |    91 ||   260
       Plate armour      |       |       |    54 ||    54
       Skin              |       |       |     6 ||     6
Dodge: Dodged            |    52 |    23 |    32 ||   107
Block: Shield            |    87 |   147 |   112 ||   346
